 Dungeon Crawl Stone Soup version 0.29-a0-322-g68df515 (webtiles) character file.

Game seed: 7874830774401306245

107 Toastz the Shooter (level 4, 0/26 HPs)
             Began as a Deep Elf Arcane Marksman on Apr 7, 2022.
             Slain by a lemure (6 damage)
             ... led by Pikel
             ... on level 4 of the Dungeon.
             The game lasted 00:07:53 (3426 turns).

Toastz the Shooter (Deep Elf Arcane Marksman)       Turns: 3426, Time: 00:07:53

Health: 0/26       AC:  6    Str:  7    XL:     4   Next: 56%
Magic:  7/8        EV: 13    Int: 18    God:
Gold:   150        SH:  0    Dex: 17    Spells: 5/6 levels left

rFire   . . .      SeeInvis .   a - +1 shortbow
rCold   + . .      Faith    .   (shield currently unavailable)
rNeg    . . .      Spirit   .   b - +0 robe
rPois   .          Reflect  .   (no helmet)
rElec   .          Harm     .   y - +2 cloak {rCorr}
rCorr   +          Rampage  .   (no gloves)
Will    .....                   l - +0 pair of boots
Stlth   ++........              (no amulet)
HPRegen 0.08/turn               v - ring of protection from cold
MPRegen 0.11/turn               (no ring)

@: no status effects
A: no striking features
a: no special abilities


You were on level 4 of the Dungeon.
You visited 1 branch of the dungeon, and saw 4 of its levels.

You collected 150 gold pieces.

Inventory:

Hand Weapons
 a - a +1 shortbow (weapon)
 A - a +0 short sword of electrocution
 D - a +1 dagger of venom
Armour
 b - a +0 robe (worn)
 h - a +0 leather armour
 l - a +0 pair of boots (worn)
 n - a +0 ring mail
 y - a +2 cloak of preservation (worn)
Jewellery
 v - a ring of protection from cold (left hand)
Wands
 m - a wand of polymorph (12)
 p - a wand of charming (5)
Scrolls
 c - a scroll of vulnerability
 d - 3 scrolls of enchant weapon
 i - a scroll of amnesia {unknown}
 j - a scroll of noise {unknown}
 k - a scroll of silence {unknown}
 r - a scroll of teleportation
 t - a scroll of magic mapping {unknown}
 w - a scroll of enchant armour {unknown}
 x - a scroll of brand weapon {unknown}
 z - 2 scrolls of identify {unknown}
Potions
 e - 3 potions of lignification {unknown}
 f - 2 potions of might {unknown}
 g - a potion of mutation {unknown}
 o - a potion of attraction {unknown}
 q - 2 potions of brilliance {unknown}
 s - 2 potions of degeneration {unknown}
 u - 2 potions of curing {unknown}
 B - a potion of heal wounds {unknown}
 C - a potion of haste {unknown}


   Skills:
 + Level 2.0 Fighting
 * Level 5.5 Bows
 - Level 2.4 Dodging
 - Level 1.5 Spellcasting
 - Level 4.0 Hexes


You had 5 spell levels left.
You knew the following spells:

 Your Spells              Type           Power      Damage    Failure   Level
a - Slow                  Hex            60%        N/A       3%          1

Your spell library contained the following spells:

 Spells                   Type           Power      Damage    Failure   Level
 Animate Skeleton         Necr           2%         N/A       19%         1
 Pain                     Necr           4%         1d4       19%         1
 Inner Flame              Hex/Fire       8%         N/A       26%         3
 Portal Projectile        Hex/Tloc       16%        N/A       26%         3
 Cause Fear               Hex            7%         N/A       36%         4
 Vampiric Draining        Necr           1%         2d6       50%         3


Dungeon Overview and Level Annotations

Branches:
Dungeon (4/15)
 Temple: D:4-7

Altars:

Annotations:
D:4 exclusion: phantom, Pikel


Message History

The lemure shouts!
The arrow hits Pikel!
Pikel is heavily wounded.
You shoot an arrow. The arrow closely misses Pikel.
A lemure comes into view.
You shoot an arrow. The arrow closely misses Pikel.
You shoot an arrow. The arrow closely misses Pikel.
A lemure comes into view.
Aiming: Slow (safe; 3% risk of failure)
Press: ? - help, Q - select action, (/) - cycle Shift-Dir - straight line, f/p - Pikel
Aim: Pikel, wielding a +2 whip of flaming and wearing a +0 robe (heavily wounded, slow, chance to affect: 54%) Pikel seems to slow down.
You shoot an arrow. The arrow barely misses the lemure.
The arrow hits the lemure.
The lemure is lightly wounded.
Shoot: a) +1 shortbow
Press: ? - help, Q - select action, (/) - cycle Shift-Dir - straight line, f - Pikel, p - lemure
Aim: Pikel, wielding a +2 whip of flaming and wearing a +0 robe (heavily wounded, slow, 58% to hit)
You shoot an arrow. The arrow closely misses the lemure.
The arrow hits the lemure but does no damage.
The lemure is lightly wounded.
The lemure hits you but does no damage.
Shoot: a) +1 shortbow
Press: ? - help, Q - select action, (/) - cycle Shift-Dir - straight line, f/p - Pikel
Aim: Pikel, wielding a +2 whip of flaming and wearing a +0 robe (heavily wounded, slow, 58% to hit)
You shoot an arrow. The arrow closely misses the lemure.
The arrow closely misses Pikel.
The lemure barely misses you. The lemure misses you. x2
Pikel says, "Antaeus said I was his favorite kobold.
Me!"
The lemure hits you. x3
The lemure hits you!
* * * LOW HITPOINT WARNING * * *
Casting: Slow (safe; 3% risk of failure)
Confirm with . or Enter, or press ? or * to list all spells.
Aiming: Slow (safe; 3% risk of failure)
Press: ? - help, Shift-Dir - straight line, f/p - Pikel
Aim: Pikel, wielding a +2 whip of flaming and wearing a +0 robe (heavily wounded, slow, chance to affect: 54%)
The lemure resists with significant effort.
The lemure hits you.
You die...

##.#..# #.....#
#..#..# #..#..#
#.# #..#5.# ## #.#
#..#K5# .. #.#
#..#..# #) #.#
#..#55# #. #.#
#..#@.# #.
#.######.....#
#.###...........##
#.<))........####
##############


You could see Pikel (slow) and 4 lemures.

Vanquished Creatures
  5 adders (D:2)
  4 orcs (D:4)
  An endoplasm (D:1)
  3 giant cockroaches
  3 goblins
  5 hobgoblins
  4 quokkas
  11 ball pythons
  8 bats
  3 frilled lizards
  4 kobolds
  6 rats
57 creatures vanquished.

Notes
Turn   | Place    | Note
-------+----------+-------------------------------------------
     0 | D:1      | Toastz the Deep Elf Arcane Marksman began the quest for the
                  | Orb.
     0 | D:1      | Reached XP level 1. HP: 11/11 MP: 5/5
    25 | D:1      | Reached skill level 3 in Bows
   101 | D:1      | Reached skill level 1 in Fighting
   182 | D:1      | Reached XP level 2. HP: 13/16 MP: 6/6
   315 | D:1      | Found a faded altar of an unknown god.
   775 | D:1      | Reached skill level 4 in Bows
  1205 | D:1      | Reached XP level 3. HP: 20/20 MP: 7/7
  1499 | D:2      | Reached skill level 5 in Bows
  1551 | D:2      | Reached XP level 4. HP: 23/26 MP: 8/8
  3302 | D:4      | Noticed a phantom
  3401 | D:4      | Noticed Pikel
  3404 | D:4      | Noticed a lemure
  3405 | D:4      | Noticed a lemure
  3407 | D:4      | Noticed a lemure
  3409 | D:4      | Noticed a lemure
  3426 | D:4      | Slain by a lemure

Illustrated notes

Levels and vault maps discovered:
D:1:      psy_arrival_dodecagon, layout_loops_corners,
          shapermc_ecumenical_altar_mp_urbaneastern
D:2:      layout_basic, minmay_pentomino_o2
D:3:      layout_basic
D:4:      layout_loops_ring, lemuel_temple_firewalk_b, uniq_pikel

Skill      XL: |  1  2  3  4 |
---------------+-------------+-----
Bows           | 3 4 5 |  5.5
Fighting       | 1 2 |  2.0
Dodging        | |  2.4
Spellcasting   | |  1.5
Hexes          | |  4.0

Action                   |  1- 3 |  4- 6 || total
-------------------------+-------+-------++-------
 Fire: Shortbow          |   101 |    76 ||   177
 Cast: Slow              |    25 |    16 ||    41
  Use: Scroll            |       |     2 ||     2
Armor: Robe              |     2 |     6 ||     8
Dodge: Dodged            |    32 |    21 ||    53

Table legend: (Time is in decaauts)
 A = Elapsed time spent in this place.
 B = Non-inter-level travel time spent in this place.
 C = Inter-level travel time spent in this place.
 D = Time resting spent in this place.
 E = Time spent auto-exploring this place.
 F = Levels seen in this place.
 G = Mean time per level.
                   A        B        C        D        E       F      G
               +--------+--------+--------+--------+--------+-----+--------+
         Total |   3474 |   3281 |    193 |      0 |   2802 |   4 |  868.5 |
       Dungeon |   3474 |   3281 |    193 |      0 |   2802 |   4 |  868.5 |
               +--------+--------+--------+--------+--------+-----+--------+

Top non-repeatable levels by time:
     D:1: 1314 daAuts
     D:2: 1239 daAuts
     D:3: 795 daAuts
     D:4: 124 daAuts
